 Dungeon Crawl Stone Soup version 0.28-a0-479-g5baa6b73be (webtiles) character file.

Game seed: 14320292523934220019

12843 Dabor the Covert (level 12, -1/78 HPs)
             Began as a Kobold Hunter on Sept 18, 2021.
             Was a Believer of Dithmenos.
             Slain by Urug (25 damage)
             ... while paralysed by Urug
             ... on level 1 of the Lair of Beasts.
             The game lasted 00:25:12 (14722 turns).

Dabor the Covert (Kobold Hunter)                   Turns: 14722, Time: 00:25:13

Health: -1/78      AC: 11    Str: 17    XL:     12   Next: 25%
Magic:  12/12      EV:  3    Int: 13    God:    Dithmenos [**....]
Gold:   835        SH:  0    Dex: 18    Spells: 11/11 levels left

rFire   . . .      SeeInvis .   D - +2 scimitar (vamp)
rCold   . . .      Faith    .   (shield restricted)
rNeg    + . .      Spirit   .   j - +0 ring mail
rPois   .          Reflect  +   E - +2 hat
rElec   .          Harm     .   (no cloak)
rCorr   .          Rampage  .   B - +0 pair of gloves
Will    .....                   A - +2 pair of boots
Stlth   +++++++...              n - amulet of reflection
HPRegen 0.23/turn               i - +6 ring of strength
MPRegen 0.13/turn               g - ring of positive energy

@: paralysed, wreathed by umbra
A: small, no large weapons, nightstalker 3
a: Renounce Religion, Shadow Step


You were on level 1 of the Lair of Beasts.
You worshipped Dithmenos.
Dithmenos was pleased with you.
You visited 3 branches of the dungeon, and saw 14 of its levels.

You collected 835 gold pieces.

Inventory:

Hand Weapons
 a - a +2 hand crossbow of flaming
 r - a +1 dagger of holy wrath
 D - a +2 vampiric scimitar (weapon)
Missiles
 d - 6 bolts
 p - 2 throwing nets (quivered)
Armour
 j - a +0 ring mail (worn)
 q - a +0 helmet
 A - a +2 pair of boots (worn)
 B - a +0 pair of gloves (worn)
 E - a +2 hat (worn)
Jewellery
 b - a ring of wizardry
 g - a ring of positive energy (right hand)
 i - a +6 ring of strength (left hand)
 n - an amulet of reflection (around neck)
 v - a ring of ice
 y - a ring of protection from cold
 J - an amulet of magic regeneration
Wands
 f - a wand of flame (17)
 o - a wand of iceblast (15)
 s - a wand of acid (12)
Scrolls
 c - 3 scrolls of identify
 w - a scroll of magic mapping
Potions
 e - a potion of berserk rage
 h - 12 potions of degeneration
 k - 3 potions of invisibility
 l - 3 potions of brilliance
 m - a potion of mutation
 t - 2 potions of lignification
 x - a potion of magic
 C - a potion of resistance
 F - 2 potions of might


   Skills:
 * Level 10.5 Fighting
 * Level 12.1 Crossbows
 * Level 11.4 Dodging
 * Level 13.0 Stealth


You had 11 spell levels left.
You didn't know any spells.
Your spell library contained the following spells:

 Spells                   Type           Power      Damage    Failure   Level
 Animate Skeleton         Necr           0%         N/A       50%         1
 Apportation              Tloc           0%         N/A       50%         1
 Summon Small Mammal      Summ           0%         N/A       50%         1
 Slow                     Hex            0%         N/A       65%         2
 Confusing Touch          Hex            0%         N/A       86%         3
 Vampiric Draining        Necr           0%         2d6       86%         3
 Alistair's Intoxication  Tmut/Pois      0%         N/A       100%        5
 Borgnjor's Vile Clutch   Necr/Erth      0%         N/A       100%        5
 Fireball                 Conj/Fire      0%         3d3       100%        5
 Iskenderun's Battlesphe  Conj           0%         2d6       100%        5
 Yara's Violent Unravell  Hex/Tmut       0%         3d3       100%        5
 Conjure Ball Lightning   Conj/Air       0%         3x3d6     100%        6
 Eringya's Noxious Bog    Tmut/Pois      0%         N/A       100%        6
 Orb of Destruction       Conj           0%         N/A       100%        7


Dungeon Overview and Level Annotations

Branches:
Dungeon (12/15)            Temple (0/1) D:7            Lair (1/6) D:10
    Orc (1/2) D:11

Altars:
Dithmenos
Kikubaaqudgha
Nemelex Xobeh
Qazlal
Sif Muna
Trog
Xom
Zin

Shops:
D:9 [   D:10 :

Annotations:
Lair:1 Urug


Innate Abilities, Weirdness & Mutations

You are small and have problems with some larger weapons.
You are completely attuned to the shadows.


Message History

Aiming: Corrosive Bolt
Press: ? - help, Shift-Dir - straight line, f/p - Urug
Aim: Urug, wielding a +1 scimitar, wearing a +0 chain mail, quivering javelins and carrying a wand of paralysis (5) (lightly wounded, 68% to hit)
The bolt of acid hits Urug.
The acid corrodes Urug!
Urug is lightly wounded.
You hit Urug.
Urug is lightly wounded.
Urug completely misses you.
Urug zaps a wand.
You easily resist.
You barely miss Urug.
Urug is lightly wounded.
Urug zaps a wand.
You easily resist.
You slash Urug!
Urug is moderately wounded.
Urug hits you with a +1 scimitar.
Aiming: Throw Flame
Press: ? - help, Shift-Dir - straight line, f/p - Urug
Aim: Urug, wielding a +1 scimitar, wearing a +0 chain mail, quivering javelins and carrying a wand of paralysis (3) (moderately wounded, covered in acid, umbra, 64% to hit)
The puff of flame hits Urug.
Urug is moderately wounded.
Urug is no longer covered in acid.
Urug grins and says, "Time to carve some turkeys."
Urug hits you with a +1 scimitar!!
Aiming: Corrosive Bolt
Press: ? - help, Shift-Dir - straight line, f/p - Urug
Aim: Urug, wielding a +1 scimitar, wearing a +0 chain mail, quivering javelins and carrying a wand of paralysis (3) (moderately wounded, umbra, 68% to hit)
The bolt of acid hits Urug!
The acid corrodes Urug!
Urug is heavily wounded.
Urug zaps a wand.
You easily resist.
You slash Urug!
You feel better.
Urug is severely wounded.
Urug hits you with a +1 scimitar. Urug barely misses you.
You slash Urug!
Urug is almost dead.
Urug zaps a wand.
You easily resist.
You hit Urug but do no damage.
Urug is almost dead.
Urug hits you with a +1 scimitar!
Urug zaps a wand.
You suddenly lose the ability to move!
The now-empty wand crumbles to dust.
Urug hits you with a +1 scimitar!! x2
You die...

...###........##
..## ##........#
...#
#.#..÷÷..######
...>
####...........
#.#.÷........
............##
.....##...###
...# #....###.
..# ##..@....
#...o...
##.....# ##....#
#..... #Y(....
##(.... #...#P
.(..#


You could see Urug (corroded).

Vanquished Creatures
  3 two-headed ogres
  Pikel (D:9)
  4 centaur zombies
  A torpor snail (shapeshifter) (D:10)
  A cane toad (Lair:1)
  A kobold demonologist (D:9)
  4 komodo dragons
  A hornet (D:10)
  A troll (D:9)
  A wraith (D:9)
  15 yaks
  A basilisk (Lair:1)
  6 vampire mosquitoes (D:7)
  A steam dragon (D:8)
  3 water moccasins
  8 orc warriors
  A swamp drake (D:11)
  Purgy (D:2)
  3 sky beasts
  A necrophage (D:4)
  2 ogres
  2 black bears (D:5)
  7 centaurs
  A phantom (D:6)
  2 bullfrogs (Lair:1)
  A kobold brigand (D:8)
  A gnoll sergeant (D:10)
  6 killer bees (D:9)
  5 howler monkeys
  A bullfrog zombie (D:5)
  3 hounds
  10 orc priests
  A bullfrog skeleton (D:6)
  2 jellies (D:2)
  2 iguanas
  A centaur skeleton (D:4)
  11 orc wizards
  A killer bee zombie (D:7)
  Robin (D:3)
  2 howler monkey zombies
  9 gnolls
  3 adders
  2 shadow imps (D:6)
  2 white imps
  3 ufetubi
  2 worms (D:2)
  A dart slug (D:1)
  51 orcs
  4 bats
  12 endoplasms
  4 giant cockroaches (D:2)
  18 goblins
  7 hobgoblins
  3 jackals
  5 quokkas
  3 ball pythons
  6 frilled lizards
  13 kobolds
  17 rats
285 creatures vanquished.

Vanquished Creatures (others)
  4 fungi
  70 plants
  7 toadstools (D:2)
81 creatures vanquished.

Grand Total: 366 creatures vanquished

Notes
Turn   | Place    | Note
-------+----------+-------------------------------------------
     0 | D:1      | Dabor the Kobold Hunter began the quest for the Orb.
     0 | D:1      | Reached XP level 1. HP: 12/12 MP: 1/1
   210 | D:1      | Reached XP level 2. HP: 18/18 MP: 2/2
   235 | D:1      | Reached skill level 5 in Crossbows
   235 | D:1      | Reached skill level 2 in Stealth
   577 | D:1      | Found a faded altar of an unknown god.
   582 | D:1      | Reached XP level 3. HP: 22/22 MP: 3/3
  1255 | D:2      | Reached XP level 4. HP: 27/27 MP: 4/4
  1523 | D:2      | Reached skill level 3 in Stealth
  1526 | D:2      | Reached XP level 5. HP: 32/32 MP: 5/5
  1673 | D:3      | Noticed Purgy
  1834 | D:2      | Killed Purgy
  1835 | D:2      | Reached skill level 4 in Stealth
  1835 | D:2      | Reached XP level 6. HP: 16/38 MP: 6/6
  2086 | D:3      | Noticed Robin
  2091 | D:3      | Killed Robin
  2633 | D:3      | Found a sparkling altar of Nemelex Xobeh.
  2802 | D:4      | Noticed a necrophage
  2808 | D:4      | Killed a necrophage
  2809 | D:4      | Reached XP level 7. HP: 33/43 MP: 7/7
  3291 | D:4      | Reached skill level 5 in Dodging
  3291 | D:4      | Reached skill level 5 in Stealth
  3339 | D:4      | Found a shimmering blue altar of Sif Muna.
  3397 | D:5      | Entered Level 5 of the Dungeon
  3419 | D:5      | Reached skill level 5 in Fighting
  3419 | D:5      | Reached XP level 8. HP: 38/49 MP: 8/8
  3593 | D:5      | Reached skill level 6 in Stealth
  3811 | D:5      | Found a shadowy altar of Dithmenos.
  3845 | D:5      | Became a worshipper of Dithmenos the Shadowed
  4188 | D:6      | Reached skill level 7 in Stealth
  4248 | D:6      | Reached XP level 9. HP: 55/55 MP: 9/9
  4276 | D:6      | Found a shimmering altar of Xom.
  4280 | D:6      | Noticed an angel
  4283 | D:6      | Found a glowing silver altar of Zin.
  4389 | D:6      | Reached skill level 8 in Stealth
  5453 | D:7      | Found an ancient bone altar of Kikubaaqudgha.
  5534 | D:7      | Reached * piety under Dithmenos
  5658 | D:7      | Reached skill level 9 in Stealth
  5712 | D:7      | Reached XP level 10. HP: 62/63 MP: 10/10
  5917 | D:7      | Found a staircase to the Ecumenical Temple.
  6393 | D:8      | Reached skill level 10 in Stealth
  7194 | D:8      | Identified the +5 hunting sling of the Past {freeze, +Blink
                  | rF+}
  7240 | D:9      | Noticed a kobold demonologist
  7247 | D:9      | Noticed Pikel
  7248 | D:9      | Killed a kobold demonologist
  7258 | D:9      | Killed Pikel
  7259 | D:9      | Reached skill level 10 in Crossbows
  7489 | D:9      | Found Fuhymeos's Antique Armour Emporium.
  8034 | D:9      | Found a bloodstained altar of Trog.
  8739 | D:10     | Entered Level 10 of the Dungeon
  8739 | D:10     | Found Verei's Self-Improvement Boutique.
  8741 | D:10     | Reached XP level 11. HP: 69/69 MP: 11/11
  8741 | D:10     | Noticed a two-headed ogre
  8748 | D:10     | Reached ** piety under Dithmenos
  8749 | D:10     | Reached skill level 11 in Stealth
  8755 | D:10     | Killed a two-headed ogre
  8831 | D:10     | Reached skill level 10 in Dodging
  9436 | D:10     | Noticed a shock serpent
  9436 | D:10     | a redback changed into a shock serpent
 10255 | D:10     | Noticed a two-headed ogre
 10265 | D:10     | Killed a two-headed ogre
 10386 | D:10     | Reached skill level 12 in Stealth
 10624 | D:10     | Found a staircase to the Lair.
 11083 | D:11     | Reached skill level 10 in Fighting
 11417 | D:11     | Found a stormy altar of Qazlal.
 11582 | D:11     | Noticed a two-headed ogre
 11600 | D:11     | Killed a two-headed ogre
 12299 | D:11     | Found a staircase to the Orcish Mines.
 12320 | D:11     | Reached XP level 12. HP: 77/77 MP: 12/12
 12328 | D:11     | Reached *** piety under Dithmenos
 12721 | Orc:1    | Entered Level 1 of the Orcish Mines
 13685 | Orc:1    | Paralysed by an orc sorcerer for 3 turns
 14048 | Lair:1   | Entered Level 1 of the Lair of Beasts
 14463 | Lair:1   | Reached skill level 13 in Stealth
 14710 | Lair:1   | Noticed Urug
 14720 | Lair:1   | Paralysed by Urug for 3 turns
 14722 | Lair:1   | Slain by Urug

Illustrated notes

Levels and vault maps discovered:
D:1:      dpeg_arrival_orchard, layout_basic,
          ebering_ecumenical_altar_petrified, st_stairs_8
D:2:      cheibrodos_fertilizer, layout_rooms, minmay_misc_feat_iff
D:3:      layout_rooms, mainiacjoe_overflow_chevrons, serial_bayou_pond_d,
          serial_bayou_pond_e, st_stairs_4, fountainhead, uniq_purgy, uniq_robin
D:4:      layout_cave_pools, nicolae_sif_muna_little_library
D:5:      layout_rooms, nicolae_dithmenos_through_a_glass_darkly,
          serial_bayou_lagoon_a, st_stairs_3
D:6:      layout_cave_pods, grunt_temple_overflow_order_and_chaos_1,
          lemuel_old_faithful
D:7:      layout_loops_ring, amcnicky_altar_gilded, minmay_temple_entry_hall,
          palyth_stone_intersect
D:8:      layout_layer_cave
D:9:      layout_loops_ring, mainiacjoe_overflow_concentric_impassable,
          serial_shops, shop, centaur_isle, uniq_pikel
D:10:     minmay_inner_zag, layout_basic, david_lair_shrubbed,
          nicolae_shop_self_help
D:11:     layout_stronghold, erik_orc_1, nicolae_qazlal_scattered_showers
D:12:     minmay_mutant_horseshoe, layout_layer_cave, uniq_azrael, uniq_fannar
Lair:1:   layout_layer_cave, uniq_urug
Orc:1:    layout_caves, serial_shops, nicolae_shop_window_shopping,
          nicolae_shop_stone, shop, uniq_josephine

Skill      XL: |  1  2  3  4  5  6  7  8  9 10 11 12 |
---------------+-------------------------------------+-----
Crossbows      | 5 6 7 8 9 10 11 12 | 12.1
Stealth        | 2 3 4 5 7 9 10 12 13 | 13.0
Dodging        | 3 4 5 6 8 9 11 | 11.4
Fighting       | 3 4 5 6 7 8 10 | 10.5

Action                   |  1- 3 |  4- 6 |  7- 9 | 10-12 || total
-------------------------+-------+-------+-------+-------++-------
Melee: Scimitar          |       |       |       |    47 ||    47
 Fire: Hand crossbow     |    74 |   129 |   173 |   484 ||   860
Invok: Shadow Step       |       |       |       |     1 ||     1
Evoke: Wand              |       |       |       |     4 ||     4
  Use: Scroll            |       |     8 |     5 |     7 ||    20
       Potion            |       |       |       |     9 ||     9
Armor: Ring mail         |     2 |    14 |    27 |    40 ||    83
Dodge: Dodged            |    11 |    57 |    36 |   281 ||   385
Block: Other             |     1 |    15 |    21 |    53 ||    90
       Reflection        |       |     1 |     2 |     7 ||    10

Table legend: (Time is in decaauts)
 A = Elapsed time spent in this place.
 B = Non-inter-level travel time spent in this place.
 C = Inter-level travel time spent in this place.
 D = Time resting spent in this place.
 E = Time spent auto-exploring this place.
 F = Levels seen in this place.
 G = Mean time per level.
                   A        B        C        D        E       F      G
               +--------+--------+--------+--------+--------+-----+--------+
         Total |  14802 |  14069 |    733 |   1768 |   9655 |  14 | 1057.3 |
       Dungeon |  13872 |  13141 |    731 |   1768 |   9019 |  12 | 1156.0 |
          Lair |    692 |    692 |      0 |      0 |    539 |   1 |  692.0 |
  Orcish Mines |    238 |    238 |      0 |      0 |     97 |   1 |  238.0 |
               +--------+--------+--------+--------+--------+-----+--------+

Top non-repeatable levels by time:
    D:11: 2804 daAuts
     D:9: 2298 daAuts
    D:10: 1476 daAuts
     D:2: 1271 daAuts
     D:6: 1151 daAuts
     D:8: 1112 daAuts
     D:1: 798 daAuts
     D:5: 793 daAuts
     D:7: 788 daAuts
     D:3: 764 daAuts
  Lair:1: 692 daAuts
     D:4: 613 daAuts
   Orc:1: 238 daAuts
    D:12: 1 daAuts
